 Dungeon Crawl Stone Soup version 0.31.0-12-g77e489cdc1 (webtiles) character file.

Game seed: 16733739465108191290

35 spaghetti the Trooper (level 3, 0/28 HPs)
             Began as a Demonspawn Air Elementalist on Feb 17, 2024.
             Slain by an adder (1 damage)
             ... on level 2 of the Dungeon.
             The game lasted 00:02:08 (1146 turns).

spaghetti the Trooper (Demonspawn Air Elementalist) Turns: 1146, Time: 00:02:09

Health: 0/28       AC:  2    Str:  8    XL:     3   Next: 16%
Magic:  2/6        EV: 12    Int: 17    God:
Gold:   23         SH:  0    Dex: 13    Spells: 5/6 levels left

rFire   . . .        (no weapon)
rCold   . . .        (no shield)
rNeg    . . .        a - +0 robe
rPois   .            (helmet restricted)
rElec   .            (no cloak)
rCorr   .            (no gloves)
SInv    .            (no boots)
Will    .....        (no amulet)
Stlth   ++           (no ring)
HPRegen 0.24/turn    (no ring)
MPRegen 0.10/turn

%: no passive effects
@: lethally poisoned (0 -> -4)
A: antennae 1
a: no special abilities


You were on level 2 of the Dungeon.
You visited 1 branch of the dungeon, and saw 2 of its levels.

You collected 23 gold pieces.

Inventory:

Armour
 a - a +0 robe (worn)


   Skills:
 + Level 2.9 Fighting
 - Level 1.7 Dodging
 - Level 1.7 Stealth
 - Level 2.0 Spellcasting
 - Level 1.0 Conjurations
 - Level 2.6 Air Magic


You had 5 spell levels left.
You knew the following spells:

 Your Spells              Type           Power      Damage    Failure   Level
a - Shock                 Conj/Air       28%        1d4       9%          1

Your spell library contained the following spells:

 Spells                   Type           Power      Damage    Failure   Level
 Static Discharge         Conj/Air       14%        3-4/arc   14%         2
 Slow                     Hex            4%         N/A       19%         1
 Swiftness                Air            10%        N/A       19%         3
 Confusing Touch          Hex            1%         N/A       50%         3
 Sigil of Binding         Hex            1%         N/A       50%         3
 Vampiric Draining        Necr           1%         2d6       50%         3
 Airstrike                Air            5%         2d(1-17)  54%         4


Dungeon Overview and Level Annotations

Branches:
Dungeon (2/15)

Altars:


Innate Abilities, Weirdness & Mutations

You have a pair of small antennae on your head.


Message History

The gnoll hits you from afar with a +0 spear.
* * * LOW HITPOINT WARNING * * *
There is an open door here.
You enter the shallow water.
Moving in this stuff is going to be slow.
An adder comes into view.
Found 6 gold pieces.
The quokka attacks as it pursues you! The quokka bites you.
* * * LOW HITPOINT WARNING * * *
The adder misses you. The adder barely misses you.
The quokka barely misses you. The adder barely misses you.
The adder attacks as it pursues you! The adder closely misses you.
You aren't carrying any scrolls.
Unknown command.
You aren't carrying any potions.
You have nothing you can fire or use right now.
Unknown command.
Found 9 gold pieces.
The quokka bites you.
* * * LOW HITPOINT WARNING * * *
You see here 9 gold pieces.
You open the door.
The jackal barks!
A quokka comes into view.
The quokka misses you. The jackal completely misses you. The adder bites you.
* * * LOW HITPOINT WARNING * * *
You are lethally poisoned!
The adder poisons you! The quokka closely misses you.
There is an open door here.
Unknown command.
Unknown command.
Unknown command.
Unknown command.
Unknown command.
Unknown command.
You hit the jackal but do no damage.
* * * LOW HITPOINT WARNING * * *
You feel sick. The jackal completely misses you. The adder bites you.
You die...

........#
........##########
#........gg††g#
#.........###g#
#...#########.#
..####...#~~~~~~~#.#
#.......#~..♣Sg~#g#
...###..h#~g#{#.~#.#
#...@r♣.#$♣g'.#
#...#S.#.#.~###
#r...#~..♣..~#
......##~~~~~~~#
......##########
......# ..... .....


You could see a gnoll, an adder, 2 quokkas and a jackal.

Vanquished Creatures
  A dart slug (D:1)
  4 ball pythons
  A bat (D:2)
  3 endoplasms (D:1)
  3 giant cockroaches
  4 hobgoblins (D:1)
  5 jackals
  A kobold (D:1)
  A frilled lizard (D:1)
  3 goblins (D:1)
  A rat (D:1)
27 creatures vanquished.

Notes
Turn   | Place    | Note
-------+----------+-------------------------------------------
     0 | D:1      | spaghetti the Demonspawn Air Elementalist began the quest
                  | for the Orb.
     0 | D:1      | Reached XP level 1. HP: 13/13 MP: 3/3
    73 | D:1      | Reached skill level 1 in Fighting
   183 | D:1      | Discovered your monstrous ancestry.
   183 | D:1      | Gained mutation: You have a pair of small antennae on your
                  | head. [demonic ancestry]
   183 | D:1      | Reached XP level 2. HP: 19/22 MP: 0/5
  1116 | D:2      | Reached XP level 3. HP: 27/28 MP: 3/6
  1145 | D:2      | HP: 1/28 [adder (2)]
  1146 | D:2      | Slain by an adder

Illustrated notes

Levels and vault maps discovered:
D:1:      heliophobic_arrival_henge, layout_basic
D:2:      layout_rooms, basic_ecumenical_altar, kennysheep_generic_room_10

Skill      XL: |  1  2 |
---------------+-------+-----
Fighting       | 1 2 |  2.9
Dodging        | |  1.7
Stealth        | |  1.7
Spellcasting   | |  2.0
Conjurations   | |  1.0
Air Magic      | |  2.6

Action                     || total
---------------------------++-------
  Melee: Unarmed           ||    55
   Cast: Shock             ||    50
    Use: Potion            ||     2
         Scroll            ||     1
 Armour: Robe              ||    61
  Dodge: Dodged            ||    83
